AoeStats
← 你懂四号位吗

Highland

504646743Analyzed
4v4 RM · 28d ago on Sep 6, 2026· 31m 28s· 8 players
Game mode
Random Map
Map size
Large (8 player)
Population
200
Speed
Normal
Resources
Standard
Victory
Conquest
Starting age
Dark Age
Ending age
Imperial Age
RankedLock teamsTeams togetherTeam positionsShared explorationLock speedFull tech treeHidden civsTurbo modeCheats
Victory
Defeat
🇸🇨 Jurchens · Seychelles
1549
+11
🇦🇷 Mongols · Argentina
1539
+11
🇹🇼 Celts · Taiwan
1477
+14
🇨🇳 Persians · China
1442
+26
🇨🇱 Maya · Chile
1431
-13
🇺🇸 Hindustanis · United States
1431
-13
🇨🇦 Vietnamese · Canada
1427
-13
🇲🇽 Berbers · Mexico
1426
-13
glucose
10:29 Feudal Age
11:10 Double-Bit Axe
14:29 Fletching
22:27 Castle Age
26:11 Town Watch
27:47 Wheelbarrow
30:28 Loom
JINJIN
4:09 Loom
12:00 Feudal Age
16:39 Castle Age
14:52 Double-Bit Axe
14:59 Gold Mining
18:54 Bow Saw
19:21 Wheelbarrow
19:23 Pikeman
21:27 Ballistics
Dificult
10:27 Feudal Age
8:44 Loom
14:26 Castle Age
13:49 Double-Bit Axe
17:44 Medium Warships
18:18 Bow Saw
20:24 Horse Collar
24:45 Fletching
26:35 Wheelbarrow
26:27 Ballistics
26:45 Bodkin Arrow
28:20 Fervor
28:40 Hand Cart
32:29 Imperial Age
30:10 Heavy Plow
31:09 Padded Archer Armor
32:11 Leather Archer Armor
你懂四号位吗
7:27 Loom
10:55 Feudal Age
15:37 Castle Age
16:17 Medium Warships
22:31 Double-Bit Axe
22:30 Horse Collar
25:16 Husbandry
28:29 Gold Mining
29:24 Wheelbarrow
29:58 Bloodlines
30:06 Scale Barding Armor
30:12 Forging
31:12 Heavy Plow
鸭子
4:43 Loom
9:44 Feudal Age
18:13 Castle Age
17:25 Bloodlines
17:49 Double-Bit Axe
19:13 Gold Mining
22:36 Scale Barding Armor
26:00 Forging
28:19 Iron Casting
zhazhahui
10:36 Loom
13:04 Feudal Age
14:29 Double-Bit Axe
18:42 Gold Mining
18:35 Horse Collar
24:55 Castle Age
29:52 Castle Age
Josh
7:41 Loom
10:01 Feudal Age
10:44 Double-Bit Axe
10:43 Horse Collar
16:24 Bloodlines
18:01 Scale Barding Armor
18:07 Forging
22:14 Castle Age
22:27 Light Cavalry
25:47 Chain Barding Armor
25:58 Gold Mining
27:52 Wheelbarrow
31:58 Iron Casting
CumanoBorracho92
0:29 Loom
9:33 Feudal Age
11:22 Double-Bit Axe
13:11 Fletching
13:21 Gold Mining
13:53 Padded Archer Armor
14:04 Horse Collar
23:02 Castle Age
21:29 Stone Mining
23:06 Crossbowman
23:43 Bodkin Arrow
23:56 Heavy Plow
24:08 Bow Saw
24:27 Thumb Ring
26:36 Heated Shot
29:56 Ballistics
Connection lost

Rejoining the realm…

Still unreachable

The connection could not be restored.

Session expired

The server has moved on; the page needs a fresh start.